 Dungeon Crawl Stone Soup version 0.20.1-1-g8b1a95d (webtiles) character file.

127 reaper779 the Magician (level 4, 0/24 HPs)
             Began as a Deep Elf Fire Elementalist on Dec 1, 2017.
             Slain by a killer bee (6 damage)
             ... on level 3 of the Dungeon.
             The game lasted 00:07:44 (2086 turns).

reaper779 the Magician (Deep Elf Fire Elementalist) Turns: 2086, Time: 00:07:45

Health: 0/24       AC:  2    Str:  5    XL:     4   Next: 85%
Magic:  13/13      EV: 13    Int: 21    God:
Gold:   209        SH:  5    Dex: 15    Spells: 7/13 levels left

rFire    . . .     SeeInvis .   s - +0 blowgun
rCold    . . .     Gourm    .   (no shield)
rNeg     . . .     Faith    .   a - +0 robe
rPois    .         Spirit   .   (no helmet)
rElec    .         Reflect  +   (no cloak)
rCorr    .         Harm     .   (no gloves)
MR       .....                  (no boots)
Stlth    ++........             j - +5 amulet of reflection
Regen    0.1/turn               (no ring)
MPRegen  0.2/turn               (no ring)

@: lethally poisoned (0 -> -17)
A: no striking features
a: no special abilities


You were on level 3 of the Dungeon.
You were not hungry.

You visited 1 branch of the dungeon, and saw 4 of its levels.

You collected 209 gold pieces.

Inventory:

Hand Weapons
 i - a +1 dagger
 s - a +0 blowgun (weapon)
Missiles
 g - 30 poisoned needles (quivered)
Armour
 a - a +0 robe (worn)
 p - a +0 buckler
Jewellery
 j - a +5 amulet of reflection (around neck)
 k - an uncursed ring of flight {unknown}
 q - a cursed +6 amulet of reflection
Wands
 n - a wand of iceblast (10/15)
Scrolls
 t - a scroll of fear {unknown}
Potions
 e - a potion of curing {unknown}
 h - a potion of ambrosia
 m - a potion of haste {unknown}
 o - a potion of resistance {unknown}
 r - a potion of agility {unknown}
Books
 b - a book of Flames

   Spells                             Type                      Level
   a - Flame Tongue                   Conjuration/Fire             1
   b - Throw Flame                    Conjuration/Fire             2
   c - Conjure Flame                  Conjuration/Fire             3
   d - Inner Flame                    Hexes/Fire                   3
   e - Sticky Flame                   Conjuration/Fire             4
   f - Fireball                       Conjuration/Fire             5
Comestibles
 c - 3 bread rations
 d - 2 meat rations
 f - a royal jelly
 l - 4 chunks of flesh


   Skills:
 - Level 2.4 Dodging
 - Level 2.4 Stealth
 - Level 5.0 Spellcasting
 + Level 3.1 Conjurations
 + Level 4.1 Fire Magic


You had 7 spell levels left.
You knew the following spells:

 Your Spells              Type           Power        Failure   Level  Hunger
a - Flame Tongue          Conj/Fire      ###..        2%          1    None
b - Throw Flame           Conj/Fire      ###...       3%          2    None
c - Conjure Flame         Conj/Fire      ###.....     8%          3    ##.....


Dungeon Overview and Level Annotations

Branches:
Dungeon (4/15)
 Temple: D:4-7

Altars:

Annotations:
D:3 1 exclusion
D:4 Sigmund


Message History

Firing (i - inventory):
g - 32 poisoned needles (quivered)
Press: ? - help, Shift-Dir - straight line, f/p - killer bee
Aim: a killer bee (severely wounded, poisoned)
You shoot a poisoned needle.
The poisoned needle barely misses the killer bee.
You feel sick. You block the killer bee's attack. The killer bee stings you!
* * * LOW HITPOINT WARNING * * *
A killer bee comes into view.
Firing (i - inventory):
g - 31 poisoned needles (quivered)
Press: ? - help, Shift-Dir - straight line, f/p - killer bee
Aim: a killer bee (severely wounded, poisoned)
You shoot a poisoned needle.
The poisoned needle barely misses the killer bee.
The poisoned needle misses the killer bee.
The killer bee buzzes angrily.
The killer bee looks more healthy.
The killer bee stings you.
* * * LOW HITPOINT WARNING * * *
You are more poisoned.
The killer bee poisons you! The killer bee stings you.
You die...

#.#.# #####.#.####
##..........####
##.............(.
#...."....y...(#
#..............#
#..........(...# ##.
#...y..........##...
#..@y..y..(....#..#
##.....).........#
##..........#.###
###.###...#..#####
#.# #...#>...)..
#.......########
#########


You could see 4 killer bees.

Vanquished Creatures
  A scorpion (D:3)
  An adder (D:2)
  An ooze (D:3)
  3 worms
  2 dart slugs
  A leopard gecko (D:1)
  3 orcs (D:3)
  A ball python (D:3)
  5 giant cockroaches
  2 goblins
  2 hobgoblins
  2 jackals (D:3)
  6 bats
  3 frilled lizards
  8 kobolds
  8 rats
49 creatures vanquished.

Notes
Turn   | Place    | Note
-------+----------+-------------------------------------------
     0 | D:1      | reaper779 the Deep Elf Fire Elementalist began the quest for the Orb.
     0 | D:1      | Reached XP level 1. HP: 10/10 MP: 6/6
   189 | D:1      | Reached XP level 2. HP: 15/15 MP: 5/8
   200 | D:1      | Reached skill level 4 in Spellcasting
   312 | D:1      | You fall through a shaft!
   441 | D:1      | Reached XP level 3. HP: 19/19 MP: 8/11
   668 | D:1      | Reached skill level 5 in Spellcasting
   790 | D:1      | Learned a level 2 spell: Throw Flame
   794 | D:1      | Learned a level 3 spell: Conjure Flame
  1490 | D:3      | Noticed a killer bee
  1490 | D:3      | Noticed a killer bee
  1705 | D:4      | Noticed Sigmund
  1853 | D:3      | Reached XP level 4. HP: 24/24 MP: 7/13
  2086 | D:3      | Slain by a killer bee

Skill      XL: |  1  2  3  4 |
---------------+-------------+-----
Spellcasting   | 4 5 |  5.0
Conjurations   | 2 3 |  3.1
Fire Magic     | 4 |  4.1
Dodging        | |  2.4
Stealth        | |  2.4

Action                   |  1- 3 |  4- 6 || total
-------------------------+-------+-------++-------
Melee: Dagger            |     3 |       ||     3
 Fire: Blowgun           |       |    13 ||    13
 Cast: Flame Tongue      |    63 |     3 ||    66
       Throw Flame       |     7 |     5 ||    12
  Use: Scroll            |     3 |       ||     3
 Stab: Sleeping          |     3 |       ||     3
  Eat: Chunk             |     2 |       ||     2
       Royal jelly       |     1 |       ||     1
Armor: Robe              |     3 |       ||     3
Dodge: Dodged            |    10 |     2 ||    12
Block: Other             |     2 |     2 ||     4
       Reflection        |     1 |       ||     1
